 Dungeon Crawl Stone Soup version 0.30-a0-1104-g706747fef1 (webtiles) character file.

Game seed: 4489357031131729447

2353 CryoSword the Covert (level 9, -5/61 HPs)
             Began as an Octopode Brigand on Apr 19, 2023.
             Was an Initiate of Sif Muna.
             Slain by an orc priest
             ... wielding a +0 war axe
              (9 damage)
             ... on level 7 of the Dungeon.
             The game lasted 00:18:29 (7431 turns).

CryoSword the Covert (Octopode Brigand)             Turns: 7431, Time: 00:18:29

Health: -5/61      AC:  1    Str: 10    XL:     9   Next: 43%
Magic:  14/14      EV: 15    Int: 13    God:    Sif Muna [......]
Gold:   275        SH:  5    Dex: 18    Spells: 15/15 levels left

rFire   . . .      SeeInvis .    D - +0 whip (elec)
rCold   + + +      Faith    .    (no shield)
rNeg    + . .      Spirit   .    (helmet restricted)
rPois   .          Reflect  +    C - amulet "Isukim" {Reflect rC+++ Slay+3 SH+5}
rElec   .          Rampage  .    n - ring of positive energy
rCorr   .                        (no ring)
Will    .....                    (no ring)
Stlth   +++++                    (no ring)
HPRegen 0.30/turn                (no ring)
MPRegen 0.14/turn                (no ring)
                                 (no ring)
                                 (no ring)

@: no status effects
A: almost no armour, amphibious, 8 rings, camouflage 1, gelatinous body 1,
(nimble swimmer 1), tentacles
a: Renounce Religion


You were on level 7 of the Dungeon.
You worshipped Sif Muna.
Sif Muna was noncommittal.
You visited 2 branches of the dungeon, and saw 8 of its levels.

You collected 275 gold pieces.

Inventory:

Hand Weapons
 w - a +0 long sword
   (You found it on level 5 of the Dungeon)
 D - a +0 whip of electrocution (weapon)
   (You took it off Pikel on level 6 of the Dungeon)
Missiles
 b - 14 poisoned darts (quivered)
 c - 3 curare-tipped darts
 x - 5 atropa-tipped darts
 B - 6 boomerangs
Jewellery
 d - a ring of fire
   (You found it on level 1 of the Dungeon)
 e - a ring of ice
   (You found it on level 3 of the Dungeon)
 n - a ring of positive energy (left tentacle)
   (You found it on level 7 of the Dungeon)
 C - the amulet "Isukim" (around mantle) {Reflect rC+++ Slay+3 SH+5}
   (You found it on level 7 of the Dungeon)

   [amulet of reflection]

   It reflects blocked missile attacks.
   Slay:      It affects your accuracy & damage with ranged weapons and melee
   (+3).
   rC:        It renders you almost immune to cold.
   SH:        It affects your SH (+5).
Wands
 u - a wand of digging (3)
   (You found it on level 5 of the Dungeon)
Scrolls
 a - 2 scrolls of enchant armour
 f - 3 scrolls of enchant weapon
 h - 2 scrolls of immolation {!r}
 i - 2 scrolls of teleportation {unknown}
 l - a scroll of vulnerability {unknown}
 p - a scroll of fog {unknown}
 s - a scroll of blinking {unknown}
 y - a scroll of silence {unknown}
 z - a scroll of fear {unknown}
 A - a scroll of identify {@r1}
Potions
 g - 2 potions of resistance {unknown}
 k - a potion of curing {@q1}
 m - 5 potions of flight
 r - a potion of brilliance
 t - 2 potions of might {unknown}
 v - 2 potions of mutation {unknown}


   Skills:
 + Level 5.4 Fighting
 - Level 2.0(3.9) Short Blades
 + Level 5.3(5.5) Long Blades
 + Level 5.3 Throwing
 + Level 5.0 Dodging
 + Level 9.1 Stealth
 + Level 3.6 Spellcasting


You had 15 spell levels left.
You didn't know any spells.
Your spell library contained the following spells:

 Spells                   Type           Power      Damage    Failure   Level
 Blink                    Tloc           4%         N/A       32%         2
 Lesser Beckoning         Tloc           4%         N/A       32%         2
 Momentum Strike          Conj/Tloc      4%         3d8       32%         2
 Tukima's Dance           Hex            2%         N/A       54%         3
 Passage of Golubria      Tloc           2%         N/A       91%         4
 Yara's Violent Unravell  Hex/Tmut       1%         3d3       99%         5


Dungeon Overview and Level Annotations

Branches:
Dungeon (7/15)             Temple (1/1) D:6

Altars:
Ashenzari
Cheibriados
Dithmenos
Elyvilon
Fedhas
Gozag
Hepliaklqana
Kikubaaqudgha
Makhleb
Nemelex Xobeh
Okawaru
Qazlal
Ru
Sif Muna
Trog
Uskayaw
Vehumet
Wu Jian
Xom
Yredelemnul
Zin
The Shining One

Shops:
D:6 ?

Annotations:
D:3 1 transporter, Ijustatesigmund's ghost, amateur DECj


Innate Abilities, Weirdness & Mutations

You cannot wear most types of armour.
You are amphibious.
You can wear up to eight rings at the same time.
Your skin changes colour to match your surroundings (Stealth+).
Your rubbery body absorbs attacks. (AC +1, EV +1)
((You are camouflaged when in or above water. (Stealth+)))
You have tentacles for arms and can constrict up to eight enemies at once.


Message History

Found a potion of flight and a warped steel amulet.
There is a stone staircase leading up here.
Throw: 14 darts (poison)
Aim: a water moccasin (asleep, 98% to hit)
You throw a poisoned dart.
The poisoned dart hits the water moccasin!
The water moccasin hisses angrily.
Throw: 13 darts (poison)
Aim: a water moccasin (50% to hit)
You throw a poisoned dart.
The poisoned dart completely misses the water moccasin.
Throw: 12 darts (poison)
Aim: a water moccasin (50% to hit)
You throw a poisoned dart.
The poisoned dart hits the water moccasin.
You closely miss the water moccasin. You grab the water moccasin.
You squeeze the water moccasin! You constrict the water moccasin.
The water moccasin barely misses you.
You whack the water moccasin! You constrict the water moccasin.
The water moccasin closely misses you. x2
You barely miss the water moccasin. You constrict the water moccasin.
The water moccasin bites you.
You hit the water moccasin. You squeeze the water moccasin.
You constrict the water moccasin. The water moccasin bites you.
The water moccasin barely misses you.
You hit the water moccasin but do no damage.
You squeeze the water moccasin.
You kill the water moccasin!
Sif Muna accepts your kill.
Your Stealth skill increases to level 9!
No target in view!
b - 12 poisoned darts (gained 1)
b - 13 poisoned darts (gained 1)
b - 14 poisoned darts (gained 1)
n - a ring of positive energy
Found a stone staircase leading down.
n - a ring of positive energy (left tentacle)
Found a club.
Found a leather armour.
Found three altars.
A steam dragon comes into view.
A phantom comes into view.
You see here the amulet "Isukim" {Reflect rC+++ Slay+3 SH+5}.
C - the amulet "Isukim" {Reflect rC+++ Slay+3 SH+5}
There is a stone staircase leading up here.
You climb upwards.
There is a stone staircase leading down here.
You start removing your amulet.
You continue taking off your amulet of guardian spirit. x4
You finish taking off your amulet of guardian spirit.
You start putting on your amulet.
You continue putting on the amulet "Isukim" {Reflect rC+++ Slay+3 SH+5}. x5
You finish putting on the amulet "Isukim" {Reflect rC+++ Slay+3 SH+5}.
You feel a shielding aura gather around you.
C - the amulet "Isukim" (around mantle) {Reflect rC+++ Slay+3 SH+5} You drop an amulet of guardian spirit.
You drop an amulet of the acrobat.
There is a stone staircase leading down here.
You climb downwards.
The phantom hits you. The phantom misses you.
There is a stone staircase leading up here.
You barely miss the phantom. The phantom barely misses you.
You completely miss the phantom. The phantom completely misses you.
The phantom hits you.
You climb upwards.
There is a stone staircase leading down here.
You whack the phantom! The phantom hits you.
The phantom blinks!
You blink.
You hit the phantom but do no damage. The phantom misses you.
Your +0 whip of venom stops dripping with poison.
You hear the crackle of electricity.
D - a +0 whip of electrocution (weapon)
The phantom hits you!
You hit the phantom. The phantom hits you.
The phantom blinks!
You blink.
You hit the phantom but do no damage. Lightning courses through the phantom!
You block the phantom's attack.
You hit the phantom. Your squeeze misses the phantom. The phantom misses you.
You whack the phantom!
You destroy the phantom!
Sif Muna accepts your kill.
Your Dodging skill increases to level 5!
No target in view!
There is a stone staircase leading down here.
You start resting.
Your +0 whip of electrocution stops crackling.
Your +0 whip of venom begins to drip with poison!
j - a +0 whip of venom (weapon)
Your +0 whip of venom stops dripping with poison.
You hear the crackle of electricity.
D - a +0 whip of electrocution (weapon)
You drop a +0 whip of venom.
There is a stone staircase leading down here.
You climb downwards.
There is a stone staircase leading up here.
A steam dragon is nearby!
A steam dragon is nearby!
A steam dragon is nearby!
Found a sling.
The orc wizard shouts!
You whack the orc wizard! You grab the orc wizard.
You constrict the orc wizard.
The steam dragon hisses angrily.
The orc wizard hits you but does no damage.
You hit the orc wizard. You squeeze the orc wizard.
You kill the orc wizard!
Sif Muna accepts your kill. The steam dragon bites you.
The steam dragon claws you.
You hit the steam dragon but do no damage.
Lightning courses through the steam dragon!
The steam dragon closely misses you. The steam dragon claws you.
You whack the steam dragon! You tentacle-slap the steam dragon.
The steam dragon completely misses you. The steam dragon claws you.
You hit the steam dragon but do no damage.
You block the steam dragon's attack. The steam dragon claws you.
You closely miss the steam dragon. Your squeeze misses the steam dragon.
You block the steam dragon's attack. The steam dragon misses you.
You closely miss the steam dragon. The steam dragon misses you.
The steam dragon closely misses you.
You barely miss the steam dragon. The steam dragon barely misses you.
The steam dragon claws you.
You barely miss the steam dragon.
The orc priest shouts!
The steam dragon bites you. The steam dragon closely misses you.
You closely miss the steam dragon. The steam dragon bites you.
The steam dragon claws you.
The orc priest calls down the wrath of Beogh upon you.
Beogh smites you!
* * * LOW HITPOINT WARNING * * *
The steam dragon closely misses you. The steam dragon misses you.
The orc priest invokes the aid of Beogh against you.
Beogh smites you!
* * * LOW HITPOINT WARNING * * *
You are too injured to fight recklessly!
You are too injured to fight recklessly!
Unknown command.
You feel better. The steam dragon closely misses you.
The steam dragon completely misses you.
You hit the steam dragon. Your squeeze misses the steam dragon.
The orc priest closely misses you. The steam dragon misses you.
The steam dragon claws you.
* * * LOW HITPOINT WARNING * * *
You hit the orc priest. Your grab misses the orc priest.
The orc priest mumbles some strange prayers to Beogh against you.
Pain shoots through your body!
* * * LOW HITPOINT WARNING * * *
The steam dragon breathes steam at you. The ball of steam hits you!
* * * LOW HITPOINT WARNING * * *
The orc priest attacks as you move away!
The orc priest hits you with a +0 war axe!
You die...

.....#........##...
####........<........ #
##....................
..#...[.................
.........§..............
.........§.§.......#..#.
........!§.§......##.##.
.).....§§.........#... .
#.....)@§..........>..#
......Do§......#.#.....
.............P#..##....#
#............#_)..#...#
#.....#......#P.P.#....
#....###.##..#_.⌠.+ ..
..... #..##..#....#
##... ...###.#_P..#


You could see a steam dragon (catching breath) and an orc priest.

Vanquished Creatures
  Pikel (D:6)
  3 water moccasins
  A black bear (D:6)
  An ice beast (D:5)
  2 ogres (D:6)
  A phantom (D:6)
  2 lemures (D:6)
  6 scorpions
  A bullfrog (D:5)
  4 hounds
  A jelly (D:6)
  3 orc priests (D:6)
  A gnoll bouda (D:6)
  A sleepcap (D:5)
  An iguana (D:5)
  Natasha (thrice) (D:2)
  4 orc wizards
  9 gnolls
  8 adders
  A shadow imp (D:5)
  3 ufetubi
  2 worms (D:2)
  2 dart slugs
  10 orcs
  4 bats
  5 endoplasms
  3 giant cockroaches
  10 goblins
  4 hobgoblins
  5 jackals (D:1)
  3 quokkas
  9 ball pythons
  3 frilled lizards
  7 kobolds
  7 rats
131 creatures vanquished.

Vanquished Creatures (others)
  A kobold (D:2)
  A rat (D:2)
2 creatures vanquished.

Grand Total: 133 creatures vanquished

Notes
Turn   | Place    | Note
-------+----------+-------------------------------------------
     0 | D:1      | CryoSword the Octopode Brigand began the quest for the Orb.
     0 | D:1      | Reached XP level 1. HP: 14/14 MP: 1/1
   154 | D:1      | Reached XP level 2. HP: 18/19 MP: 2/2
   733 | D:1      | Found a faded altar of an unknown god.
   742 | D:1      | Reached XP level 3. HP: 25/25 MP: 3/3
  1189 | D:2      | Reached skill level 1 in Long Blades
  1189 | D:2      | Reached XP level 4. HP: 15/30 MP: 4/4
  1302 | D:2      | Noticed Natasha
  1309 | D:2      | Killed Natasha
  1310 | D:2      | Reached skill level 6 in Stealth
  1527 | D:2      | Noticed Natasha
  1533 | D:2      | Reached XP level 5. HP: 21/36 MP: 5/5
  1544 | D:2      | Killed Natasha
  1728 | D:2      | Found a bloodstained altar of Trog.
  1759 | D:2      | Noticed Natasha
  1767 | D:2      | Killed Natasha
  2611 | D:3      | Noticed Ijustatesigmund's ghost (amateur DECj)
  2611 | D:3      | Identified the +1 great mace of the Warrior-Mage {freeze,
                  | Stlth+}
  2611 | D:3      | Noticed an ogre
  2611 | D:3      | Found a transporter.
  2613 | D:3      | Noticed an ogre
  3014 | D:3      | Reached XP level 6. HP: 32/42 MP: 4/6
  4061 | D:5      | Entered Level 5 of the Dungeon
  4082 | D:5      | Reached skill level 7 in Stealth
  4082 | D:5      | Reached XP level 7. HP: 37/46 MP: 6/8
  4083 | D:5      | Reached skill level 1 in Spellcasting
  4682 | D:5      | Found a glowing golden altar of the Shining One.
  4791 | D:5      | Reached XP level 8. HP: 32/54 MP: 4/11
  5719 | D:6      | Noticed Pikel
  5949 | D:6      | Reached skill level 8 in Stealth
  6189 | D:6      | Found Loaqedue's Magic Scroll Shop.
  6192 | D:6      | Found a staircase to the Ecumenical Temple.
  6201 | D:6      | Paralysed by Pikel for 3 turns
  6218 | D:6      | Paralysed by Pikel for 3 turns
  6229 | D:6      | Killed Pikel
  6230 | D:6      | Reached skill level 5 in Fighting
  6230 | D:6      | Reached XP level 9. HP: 7/61 MP: 2/13
  6451 | Temple   | Entered the Ecumenical Temple
  6589 | Temple   | Became a worshipper of Sif Muna the Loreminder
  6695 | D:6      | Reached skill level 5 in Long Blades
  6705 | D:6      | Reached skill level 5 in Throwing
  7111 | D:6      | HP: 3/61 [poisoned by a water moccasin]
  7282 | D:7      | Reached skill level 9 in Stealth
  7321 | D:7      | Found a snail-covered altar of Cheibriados.
  7321 | D:7      | Found an opulent altar of Gozag.
  7321 | D:7      | Found a shadowy altar of Dithmenos.
  7323 | D:7      | Identified the amulet "Isukim" {Reflect rC+++ Slay+3 SH+5}
  7361 | D:6      | Reached skill level 5 in Dodging
  7431 | D:7      | Slain by an orc priest

Illustrated notes

Levels and vault maps discovered:
D:1:      mrwooster_arrival_statue_2, layout_basic, serial_co_window_serial,
          co_window_corner_a, co_window_of_opportunity_a,
          co_window_of_opportunity_a, co_window_corner_a, co_window_paths_a,
          co_window_2corner, co_window_cross_2, co_window_corner_ca,
          co_window_broadway_a, basic_ecumenical_altar
D:2:      layout_basic, basic_altar, lemuel_flame_loot_1, uniq_natasha
D:3:      layout_basic, gammafunk_ghost_smash, hex_medium
D:4:      layout_basic, kennysheep_generic_room_13
D:5:      layout_gridville, general_overflow_altar
D:6:      layout_cave_pools, minmay_temple_entry_proselytizer, serial_shops,
          nicolae_shop_tiny_waterfront, uniq_pikel
D:7:      layout_cave_pools, gammafunk_temple_overflow_forgotten
Temple:   regret_index_temple_chain_breaker

Skill      XL: |  1  2  3  4  5  6  7  8  9 |
---------------+----------------------------+-----
Long Blades    | 1 2 3 4 5 |  5.3
Stealth        | 6 7 8 9 |  9.1
Dodging        | 2 3 4 5 |  5.0
Fighting       | 3 4 5 |  5.4
Throwing       | 3 4 5 |  5.3
Spellcasting   | 2 3 |  3.6
Short Blades   | |  2.0

Action                     |  1- 3 |  4- 6 |  7- 9 || total
---------------------------+-------+-------+-------++-------
  Melee: Dagger            |    82 |    30 |       ||   112
         Constrict         |    21 |    27 |    24 ||    72
         Tentacles         |    13 |    22 |    39 ||    74
         Whip              |       |    52 |   183 ||   235
         Punch             |       |     1 |     8 ||     9
  Throw: Dart              |       |    28 |    60 ||    88
         Boomerang         |       |       |     8 ||     8
  Evoke: Wand              |       |       |     2 ||     2
    Use: Potion            |     1 |     1 |     4 ||     6
         Scroll            |       |     6 |       ||     6
   Stab: Sleeping          |    16 |    14 |     3 ||    33
         Distracted        |       |     1 |       ||     1
         Paralysed         |       |       |     4 ||     4
 Armour: Skin              |     7 |     4 |    76 ||    87
  Dodge: Dodged            |    47 |    52 |    94 ||   193
  Block: Other             |       |       |     3 ||     3

Table legend: (Time is in decaauts)
 A = Elapsed time spent in this place.
 B = Non-inter-level travel time spent in this place.
 C = Inter-level travel time spent in this place.
 D = Time resting spent in this place.
 E = Time spent auto-exploring this place.
 F = Levels seen in this place.
 G = Mean time per level.
                   A        B        C        D        E       F      G
               +--------+--------+--------+--------+--------+-----+--------+
         Total |   7436 |   7023 |    413 |   1332 |   3812 |   8 |  929.5 |
       Dungeon |   7278 |   6910 |    368 |   1332 |   3717 |   7 | 1039.7 |
        Temple |    158 |    113 |     45 |      0 |     95 |   1 |  158.0 |
               +--------+--------+--------+--------+--------+-----+--------+

Top non-repeatable levels by time:
     D:2: 1573 daAuts
     D:5: 1568 daAuts
     D:6: 1491 daAuts
     D:1: 1125 daAuts
     D:3: 894 daAuts
     D:4: 529 daAuts
  Temple: 158 daAuts
     D:7: 94 daAuts
